 Dungeon Crawl Stone Soup version 0.28.0-43-g3370ac3207 (webtiles) character file.

Game seed: 12663903423761952255

350 Zeld the Gusty (level 6, -3/32 HPs)
             Began as a Tengu Air Elementalist on Mar 29, 2022.
             Killed by nerve-wracking pain
             ... invoked by Grinder
              (14 damage)
             ... in a sewer.
             The game lasted 00:05:57 (4082 turns).

Zeld the Gusty (Tengu Air Elementalist)             Turns: 4082, Time: 00:05:57

Health: -3/32      AC:  2    Str:  9    XL:     6   Next: 60%
Magic:  11/12      EV: 15    Int: 17    God:
Gold:   212        SH:  0    Dex: 14    Spells: 2/12 levels left

rFire   . . .      SeeInvis .   h - +2 dagger (venom)
rCold   . . .      Faith    .   (no shield)
rNeg    . . .      Spirit   .   a - +0 robe
rPois   +          Reflect  .   (helmet restricted)
rElec   .          Harm     .   (no cloak)
rCorr   .          Rampage  .   (no gloves)
Will    .....                   (boots unavailable)
Stlth   ++........              (no amulet)
HPRegen 0.10/turn               g - ring of poison resistance
MPRegen 0.13/turn               (no ring)

@: flying quickly and evasively, quick
A: beak, talons 3, nimble flight
a: no special abilities


You were in a sewer.
You visited 1 branch of the dungeon, and saw 4 of its levels.
You also visited: Sewer.

You collected 212 gold pieces.

Inventory:

Hand Weapons
 h - a +2 dagger of venom (weapon)
Armour
 a - a +0 robe (worn)
Jewellery
 d - a +6 ring of dexterity
 g - a ring of poison resistance (left hand)
Scrolls
 b - a scroll of identify
Potions
 c - a potion of might {unknown}
 i - 2 potions of lignification {unknown}
 j - a potion of cancellation {unknown}
 k - a potion of brilliance {unknown}
 l - a potion of haste


   Skills:
 - Level 3.0 Dodging
 - Level 3.0 Stealth
 * Level 3.7 Spellcasting
 + Level 3.5 Conjurations
 * Level 6.4 Air Magic


You had 2 spell levels left.
You knew the following spells:

 Your Spells              Type           Power      Damage    Failure   Level
a - Shock                 Conj/Air       80%        1d8       1%          1
b - Static Discharge      Conj/Air       20%        N/A       3%          2
c - Swiftness             Air            25%        N/A       3%          3
d - Airstrike             Air            12%        N/A       12%         4

Your spell library contained the following spells:

 Spells                   Type           Power      Damage    Failure   Level
 Corpse Rot               Necr/Air       28%        N/A       7%          2
 Poisonous Vapours        Pois/Air       28%        N/A       7%          2


Dungeon Overview and Level Annotations

Branches:
Dungeon (4/15)              Sewer (1/1)
 Temple: D:4-7

Altars:
Ashenzari
Elyvilon
Okawaru
Ru
The Shining One

Annotations:
Sewer Grinder


Innate Abilities, Weirdness & Mutations

You have a beak for a mouth.
You have claws for feet.
Your magical nature lets you fly swiftly and evasively.


Message History

You hit the kobold.
The kobold is poisoned.
Your peck misses the kobold.
The kobold is severely wounded.
The kobold barely misses you.
You hit the kobold.
You kill the kobold!
Grinder gestures at you. Pain shoots through your body!
Things that are here:
a +0 short sword; 6 poisoned darts; a kobold corpse You see here a +0 short sword.
Grinder blinks!
Grinder gestures at you.
You suddenly lose the ability to move!
Grinder says, "FISH!"
You can move again.
Unknown command.
Casting: Shock (safe; 1% risk of failure)
Confirm with . or Enter, or press ? or * to list all spells.
Aiming: Shock (safe; 1% risk of failure)
Press: ? - help, Shift-Dir - straight line The zap hits Grinder.
Grinder is lightly wounded.
The zap hits Grinder but does no damage.
Grinder is lightly wounded.
Grinder hits you.
You writhe in agony.
You are too injured to fight recklessly!
You are too injured to fight recklessly!
You hit Grinder. Your kick misses Grinder.
Grinder is lightly wounded.
Grinder closely misses you.
Unknown command.
You barely miss Grinder.
Grinder is lightly wounded.
Grinder gestures at you.
You shrug off the repeated paralysis!
You barely miss Grinder. You claw Grinder.
Grinder is moderately wounded.
Grinder gestures at you. Pain shoots through your body!
You die...

################.≈≈##############
.≈≈≈≈≈≈≈≈≈≈≈≈≈≈#.≈≈#
)≈≈≈≈≈≈≈≈≈≈≈≈≈≈#..≈#
.≈≈≈≈≈≈≈≈≈≈≈≈≈≈#.≈≈#
)≈≈≈≈≈≈≈≈≈≈≈≈≈≈#.≈≈#
..≈≈≈≈≈≈≈≈≈≈≈≈≈#.≈≈#
..)≈≈≈≈≈≈≈≈≈≈≈≈#.≈≈#
##.#)###≈≈#≈####.≈≈#
≈≈.............#@≈≈#
≈≈≈.)).........5.≈≈#
≈≈.)...........#.≈≈#
##.###≈##≈##≈####≈##
....≈≈≈≈≈≈≈≈≈≈≈≈≈≈.#
..≈≈≈≈≈≈≈≈≈≈≈≈≈≈≈≈.#
.≈≈≈≈≈≈≈≈≈≈≈≈≈≈≈≈.≈#
.≈≈≈≈≈≈≈≈≈≈≈≈≈≈≈≈≈≈#
.≈≈≈≈≈≈≈≈≈≈≈≈≈≈≈≈≈≈#


You could see Grinder.

Vanquished Creatures
  A phantom (Sewer)
  2 kobold brigands (Sewer)
  A jelly (D:2)
  2 shadow imps (Sewer)
  3 ufetubi (Sewer)
  An adder zombie (Sewer)
  An adder skeleton (D:4)
  A worm (D:4)
  3 dart slugs (D:2)
  2 orcs (D:3)
  7 bats
  2 endoplasms (D:1)
  2 giant cockroaches
  6 goblins
  15 kobolds
  5 ball pythons
  A frilled lizard (D:1)
  2 kobold zombies (Sewer)
  5 rats
62 creatures vanquished.

Vanquished Creatures (others)
  2 fungi (D:2)
  5 toadstools (D:2)
7 creatures vanquished.

Grand Total: 69 creatures vanquished

Notes
Turn   | Place    | Note
-------+----------+-------------------------------------------
     0 | D:1      | Zeld the Tengu Air Elementalist began the quest for the
                  | Orb.
     0 | D:1      | Reached XP level 1. HP: 10/10 MP: 4/4
   256 | D:1      | Reached XP level 2. HP: 15/15 MP: 1/6
   803 | D:2      | Learned a level 2 spell: Static Discharge
   837 | D:2      | Reached XP level 3. HP: 19/19 MP: 0/7
   841 | D:2      | Learned a level 3 spell: Swiftness
  1072 | D:2      | Reached XP level 4. HP: 24/24 MP: 2/8
  1496 | D:3      | Found a faded altar of an unknown god.
  1559 | D:3      | Reached skill level 5 in Air Magic
  1601 | D:3      | Found a glowing golden altar of the Shining One.
  1603 | D:3      | Found an iron altar of Okawaru.
  1903 | D:4      | Found a sacrificial altar of Ru.
  1966 | D:4      | Found a white marble altar of Elyvilon.
  1971 | D:4      | Found a broken altar of Ashenzari.
  1987 | D:4      | Found a glowing drain.
  2017 | Sewer    | Entered a sewer
  2453 | Sewer    | Gained mutation: Your magical nature lets you fly swiftly
                  | and evasively. [Tengu growth]
  2453 | Sewer    | Reached XP level 5. HP: 26/28 MP: 7/10
  2506 | Sewer    | Noticed a kobold brigand
  2731 | Sewer    | Noticed a phantom
  3035 | Sewer    | Killed a phantom
  3337 | Sewer    | Learned a level 4 spell: Airstrike
  3345 | Sewer    | Found an ancient bone altar of Kikubaaqudgha.
  3355 | Sewer    | Noticed a kobold brigand
  3903 | Sewer    | Killed a kobold brigand
  3904 | Sewer    | Reached skill level 6 in Air Magic
  3904 | Sewer    | Reached XP level 6. HP: 18/32 MP: 10/12
  4051 | Sewer    | Noticed Grinder
  4071 | Sewer    | Paralysed by Grinder for 7 turns
  4082 | Sewer    | Killed from afar by Grinder

Illustrated notes

Levels and vault maps discovered:
D:1:      dpeg_arrival_fog, layout_rooms, corexii_hall_statues_i,
          minmay_misc_feat_plants
D:2:      layout_rooms, minmay_gold_behind_fungi
D:3:      layout_basic, mainiacjoe_overflow_divided_tiny,
          hellmonk_ecumenical_altar_run_dry
D:4:      layout_loops_corners, mainiacjoe_overflow_cross_hatched,
          mainiacjoe_overflow_big_doors, amcnicky_altar_gilded,
          ebering_ghost_inner_flame, cheibrodos_sewer_entry_bend
Sewer:    kennysheep_sewer_church

Skill      XL: |  1  2  3  4  5 |
---------------+----------------+-----
Conjurations   | 2 3 |  3.5
Air Magic      | 5 6 |  6.4
Dodging        | 3 |  3.0
Spellcasting   | 3 |  3.7
Stealth        | 3 |  3.0

Action                   |  1- 3 |  4- 6 || total
-------------------------+-------+-------++-------
Melee: Dagger            |       |    54 ||    54
       Kick              |       |    13 ||    13
       Peck              |       |    11 ||    11
       Punch             |       |     1 ||     1
 Cast: Shock             |    49 |    64 ||   113
       Swiftness         |       |     1 ||     1
       Static Discharge  |       |     2 ||     2
  Use: Scroll            |       |     5 ||     5
       Potion            |       |     1 ||     1
Armor: Robe              |     1 |     7 ||     8
Dodge: Dodged            |     6 |    49 ||    55
